 Dungeon Crawl Stone Soup version 0.30.0-29-ga12c61a403 (webtiles) character file.

Game seed: 7190485445183579986

86 Destapler the Insei (level 4, 0/33 HPs)
             Began as a Demonspawn Transmuter on June 4, 2023.
             Killed from afar by an orc wizard (10 damage)
             ... with a puff of flame
             ... on level 3 of the Dungeon.
             The game lasted 00:15:07 (2014 turns).

Destapler the Insei (Demonspawn Transmuter)         Turns: 2014, Time: 00:15:07

Health: 0/33       AC:  2    Str: 11    XL:     4   Next: 27%
Magic:  2/7        EV: 19    Int: 16    God:
Gold:   126        SH:  0    Dex: 20    Spells: 3/7 levels left

rFire   . .          .
                       - Unarmed
rCold   . . .        (shield currently unavailable)
rNeg    . . .        a - melded +0 robe
rPois   x            (helmet currently unavailable)
rElec   .            h - melded +0 cloak
rCorr   .            (gloves currently unavailable)
SInv    .            j - melded +2 pair of boots {rampage}
Will    .....        (no amulet)
Stlth   +++          (no ring)
HPRegen 0.25/turn    (no ring)
MPRegen 0.10/turn

%: no passive effects
@: spider-form
A: venomous fangs, tiny, thin skeletal structure 1, foul stench 1
a: End Transformation


You were on level 3 of the Dungeon.
You were a venomous arachnid creature.
You visited 1 branch of the dungeon, and saw 3 of its levels.

You collected 126 gold pieces.

Inventory:

Hand Weapons
 l - a +1 dagger of speed
Armour
 a - a +0 robe (melded)
 h - a +0 cloak (melded)
 j - a +2 pair of boots of rampaging (melded)
Scrolls
 b - a scroll of enchant armour {unknown}
 c - 2 scrolls of fear {unknown}
 g - a scroll of teleportation {unknown}
 i - 2 scrolls of blinking {unknown}
 k - a scroll of silence {unknown}
 m - 4 scrolls of identify {unknown}
Potions
 f - 2 potions of curing {unknown}


   Skills:
 + Level 1.7 Fighting
 + Level 2.1 Dodging
 - Level 3.0 Unarmed Combat
 * Level 2.4 Spellcasting
 + Level 0.2 Necromancy
 * Level 2.2 Transmutations
 + Level 1.1 Ice Magic
 * Level 1.1 Poison Magic


You had 3 spell levels left.
You knew the following spells:

 Your Spells              Type           Power      Damage    Failure   Level
a - Beastly Appendage     Tmut           18%        N/A       21%         1
b - Spider Form           Tmut/Pois      7%         N/A       50%         3

Your spell library contained the following spells:

 Spells                   Type           Power      Damage    Failure   Level
 Wereblood                Tmut           9%         N/A       28%         2
 Kiss of Death            Conj/Necr      8%         2d6       38%         1
 Confusing Touch          Hex            1%         N/A       73%         3
 Ice Form                 Ice/Tmut       7%         N/A       85%         4
 Dispel Undead            Necr           2%         3d7       96%         4


Dungeon Overview and Level Annotations

Branches:
Dungeon (3/15)

Altars:
Xom


Innate Abilities, Weirdness & Mutations

You are a venomous arachnid creature.
You have venomous fangs.
You are tiny and dextrous.
Your spellcasting is less reliable in this form.
Your armour is entirely melded.
You are incapable of wielding weapons or throwing items.
You have a somewhat thin skeletal structure. (Dex +2, Stealth+)
You may rarely emit foul miasma when damaged in melee.


Message History

The bat misses you. The orc completely misses you.
The orc wizard completely misses you. The bat barely misses you.
The orc wizard closely misses you.
You hit the orc wizard but do no damage.
The orc wizard looks even sicker.
The orc wizard is heavily wounded.
The bat closely misses you.
You hit the orc but do no damage.
The orc is poisoned.
Your transformation has ended.
Your +0 cloak unmelds from your body.
Your +2 pair of boots of rampaging unmelds from your body.
Your +0 robe unmelds from your body.
You feel ready to rampage towards enemies.
The orc barely misses you. The hobgoblin misses you.
The orc wizard hits you but does no damage.
Something hits you but does no damage. The orc hits you with a +0 club.
You hit the hobgoblin but do no damage.
You feel less confused. The orc hits you but does no damage.
The hobgoblin barely misses you. The orc wizard misses you.
Something hits you but does no damage. The orc misses you.
Unknown command.
Casting: Spider Form (quite dangerous; 28% risk of failure)
Confirm with . or Enter, or press ? or * to list all spells.
The spell is quite dangerous to miscast (28% risk of failure)!
Continue anyway?
You turn into a venomous arachnid creature.
Your +0 cloak melds into your body.
Your +2 pair of boots of rampaging melds into your body.
Your +0 robe melds into your body.
You no longer feel able to rampage towards enemies.
The orc hits you with a +0 hand axe.
* * * LOW HITPOINT WARNING * * *
The hobgoblin completely misses you.
The orc wizard hits you with a +0 dagger.
* * * LOW HITPOINT WARNING * * *
You emit a cloud of foul miasma!
You hear some strange, mumbled words.
A puff of flame appears from out of thin air!
The puff of flame hits you!
You die...

#........)........#
###.......###.....##..
...........#...†...#.# ...
###..................##...
###.......................
........................#
###......####............#
#......# #<..oo....#...
###.#..####...s{b.......
#....).......oog........
#.#......##........##.#.
#..#......##..#...### #.
#......##.##...# ..
#.......#.##..## ..
####.#.......###########.
## ..#......$....<......#
.###.......###........#


You could see an orc wizard (very poisoned), 3 orcs, a hobgoblin and a bat.

Vanquished Creatures
  4 gnolls (D:2)
  2 adders (D:3)
  A worm (D:3)
  5 bats
  2 endoplasms (D:2)
  4 giant cockroaches
  3 hobgoblins (D:1)
  3 kobolds (D:1)
  A quokka (D:2)
  2 frilled lizards (D:2)
  5 rats
32 creatures vanquished.

Notes
Turn   | Place    | Note
-------+----------+-------------------------------------------
     0 | D:1      | Destapler the Demonspawn Transmuter began the quest for the
                  | Orb.
     0 | D:1      | Reached XP level 1. HP: 15/15 MP: 3/3
   234 | D:1      | Gained mutation: You may rarely emit foul miasma when
                  | damaged in melee. [demonic ancestry]
   234 | D:1      | Reached XP level 2. HP: 17/21 MP: 5/5
   575 | D:1      | Found a faded altar of an unknown god.
  1191 | D:2      | Found a shimmering altar of Xom.
  1307 | D:2      | Reached XP level 3. HP: 26/26 MP: 4/6
  1310 | D:2      | Reached skill level 3 in Unarmed Combat
  1315 | D:2      | Reached skill level 1 in Ice Magic
  1762 | D:2      | Reached skill level 1 in Poison Magic
  1813 | D:2      | Learned a level 3 spell: Spider Form
  1900 | D:3      | Gained mutation: You have a somewhat thin skeletal
                  | structure. (Dex +2, Stealth+) [demonic ancestry]
  1900 | D:3      | Reached XP level 4. HP: 33/33 MP: 5/7
  2014 | D:3      | Killed from afar by an orc wizard

Illustrated notes

Levels and vault maps discovered:
D:1:      beargit_arrival_greenhouse, layout_loops_ring,
          shapermc_ecumenical_altar_ellora
D:2:      layout_loops_ring, basic_altar, st_stairs_1
D:3:      layout_rooms, grunt_decor_clamped

Skill      XL: |  1  2  3 |
---------------+----------+-----
Transmutations | 2 |  2.2
Dodging        | 2 |  2.1
Unarmed Combat | 3 |  3.0
Ice Magic      | 1 |  1.1
Poison Magic   | 1 |  1.1
Fighting       | |  1.7
Spellcasting   | |  2.4
Necromancy     | |  0.2

Action                     |  1- 3 |  4- 6 || total
---------------------------+-------+-------++-------
  Melee: Unarmed           |    76 |    19 ||    95
         Kick              |    17 |     6 ||    23
         Headbutt          |     8 |     3 ||    11
         Punch             |     1 |       ||     1
   Cast: Beastly Appendage |    17 |     3 ||    20
         Spider Form       |       |     2 ||     2
    Use: Scroll            |     2 |       ||     2
         Potion            |     2 |       ||     2
   Stab: Sleeping          |     3 |       ||     3
 Armour: Robe              |    10 |     6 ||    16
         Skin              |     6 |     1 ||     7
  Dodge: Dodged            |    48 |    29 ||    77
